 Dungeon Crawl Stone Soup version 0.27-a0-1187-ge80a49f48c (webtiles) character file.

Game seed: 14243349584332343486

1 Lemonice the Poker (level 1, 0/16 HPs)
             Began as a Merfolk Gladiator on May 20, 2021.
             Slain by a jackal (3 damage)
             ... on level 1 of the Dungeon.
             The game lasted 00:00:18 (26 turns).

Lemonice the Poker (Merfolk Gladiator)                Turns: 26, Time: 00:00:19

Health: 0/16       AC:  4    Str: 14    XL:     1   Next: 20%
Magic:  1/1        EV: 13    Int:  7    God:
Gold:   23         SH:  0    Dex: 15    Spells: 0/0 levels left

rFire    . . .     SeeInvis .   a - +0 trident
rCold    . . .     Faith    .   (no shield)
rNeg     . . .     Spirit   .   b - +0 leather armour
rPois    .         Reflect  .   c - +0 helmet
rElec    .         Harm     .   (no cloak)
rCorr    .         Rampage  .   (no gloves)
Will     .....                  (no boots)
Stlth    +.........             (no amulet)
HPRegen  0.05/turn              (no ring)
MPRegen  0.07/turn              (no ring)

@: no status effects
A: (nimble swimmer 2), mertail
a: no special abilities


You were on level 1 of the Dungeon.
You visited 1 branch of the dungeon, and saw 1 of its levels.

You collected 23 gold pieces.

Inventory:

Hand Weapons
 a - a +0 trident (weapon)
Missiles
 d - 3 throwing nets (quivered)
Armour
 b - a +0 leather armour (worn)
 c - a +0 helmet (worn)


   Skills:
 + Level 2.2 Fighting
 + Level 4.4 Polearms
 - Level 2.0 Throwing
 + Level 4.0 Dodging
 + Level 0.1 Shields


You couldn't memorise any spells.
You didn't know any spells.
Your spell library was empty.

Dungeon Overview and Level Annotations

Branches:
Dungeon (1/15)

Altars:


Innate Abilities, Weirdness & Mutations

((You are quick and stealthy near water. (Stealth+, EV+, Speed+++)))
Your lower body shifts to a powerful aquatic tail in water.


Message History

You reach to attack!
You barely miss the jackal. You hit the jackal but do no damage.
The jackal bites you but does no damage.
The jackal misses you.
A ball python comes into view.
The ball python hisses angrily.
You hit the jackal.
The jackal is heavily wounded.
The jackal misses you. The jackal barely misses you.
You closely miss the jackal.
The jackal is heavily wounded.
The jackal bites you. The jackal closely misses you.
The jackal bites you but does no damage.
The jackal barely misses you.
You hit the jackal.
You kill the jackal!
The jackal barely misses you. The jackal closely misses you.
You hit the endoplasm.
The endoplasm is almost dead.
The jackal bites you. The endoplasm barely misses you.
You hit the endoplasm but do no damage.
The endoplasm is almost dead.
The jackal closely misses you. The endoplasm freezes you.
You are frozen.
The goblin hits you but does no damage. The jackal barely misses you.
You barely miss the endoplasm.
The endoplasm is almost dead.
The ball python misses you. x2
The endoplasm freezes you.
You are frozen.
The goblin hits you with a +0 club.
* * * LOW HITPOINT WARNING * * *
The jackal closely misses you. The ball python barely misses you.
The ball python misses you. The jackal completely misses you.
You see here a +0 barding.
The ball python bites you.
* * * LOW HITPOINT WARNING * * *
The ball python misses you. The jackal bites you.
You die...

## .!.### #.. .....#
###.# #.....#
...##...?..#
#.........#
#...#.....##
#...K..?....
####.gJh.......
#.....@S.......
#..............
#.°§§.♣♣.♣♣.§..
#☼§§♣..♣...♣♣§☼.
#####§.§○♣♣..♣♣♣§§..
.......§☼♣♣♣∩.∩..♣§§.
#######§♣..∩...∩♣..§
#§♣♣♣∩..8..∩♣♣.#
.....∩.......∩.♣


You could see an endoplasm, a jackal, a goblin, a ball python and a kobold.

Vanquished Creatures
  A jackal (D:1)
1 creature vanquished.

Notes
Turn   | Place    | Note
-------+----------+-------------------------------------------
     0 | D:1      | Lemonice the Merfolk Gladiator began the quest for the Orb.
     0 | D:1      | Reached XP level 1. HP: 16/16 MP: 1/1
    26 | D:1      | Slain by a jackal

Illustrated notes

Levels and vault maps discovered:
D:1:      heliophobic_arrival_enchanted_forest, layout_rooms, serial_shops,
          shop, hangedman_abyss_or_decor_stabs

Action                   || total
-------------------------++-------
Melee: Trident           ||     8
Armor: Leather armour    ||     3
Dodge: Dodged            ||    17

Table legend: (Time is in decaauts)
 A = Elapsed time spent in this place.
 B = Non-inter-level travel time spent in this place.
 C = Inter-level travel time spent in this place.
 D = Time resting spent in this place.
 E = Time spent auto-exploring this place.
 F = Levels seen in this place.
 G = Mean time per level.
                   A        B        C        D        E       F      G
               +--------+--------+--------+--------+--------+-----+--------+
         Total |     26 |     26 |      0 |      0 |     13 |   1 |   26.0 |
       Dungeon |     26 |     26 |      0 |      0 |     13 |   1 |   26.0 |
               +--------+--------+--------+--------+--------+-----+--------+

Top non-repeatable levels by time:
     D:1: 26 daAuts
